 Dungeon Crawl Stone Soup version 0.30.1-3-gfc49f6343a (webtiles) character file.

Game seed: 2743704796710720641

3023 Anandil the Trooper (level 9, -3/73 HPs)
             Began as a Demonspawn Fighter on Aug 8, 2023.
             Was a Believer of Ru.
             Shot with a sling bullet by Joseph (13 damage)
             ... on level 7 of the Dungeon.
             The game lasted 00:12:54 (7137 turns).

Anandil the Trooper (Demonspawn Fighter)            Turns: 7137, Time: 00:12:54

Health: -3/73      AC: 14    Str: 21    XL:     9   Next: 55%
Magic:  9/9        EV:  9    Int: 11    God:    Ru [**....]
Gold:   381        SH:  9    Dex: 13    Spells: 8/8 levels left

rFire   . . .        a - +1 trident (freeze)
rCold   . . .        c - +0 buckler
rNeg    . . .        b - +0 scale mail
rPois   .            y - +0 helmet
rElec   .            (no cloak)
rCorr   .            (no gloves)
SInv    .            n - +0 pair of boots
Will    +....        (no amulet) Stlth
                     s - ring of willpower
HPRegen 0.32/turn    (no ring)
MPRegen 0.11/turn

%: no passive effects
@: invisible
A: claws 2, icemail 1, spiny 1, inability to train dodging, no conjurations
magic, no hexes magic, no poison magic, big brain 1, condensation shield
a: Renounce Religion


You were on level 7 of the Dungeon.
You worshipped Ru.
Ru was pleased with you.
You visited 2 branches of the dungeon, and saw 8 of its levels.
You also visited: Sewer.

You collected 381 gold pieces.

Inventory:

Hand Weapons
 a - a +1 trident of freezing (weapon)
Missiles
 h - 5 javelins (quivered)
 A - 5 silver boomerangs
 B - 34 poisoned darts
 F - 13 boomerangs
Armour
 b - a +0 scale mail (worn)
 c - a +0 buckler (worn)
 n - a +0 pair of boots (worn)
 v - a +0 troll leather armour {Pargi}
 y - a +0 helmet (worn)
Jewellery
 s - a ring of willpower (left claw)
 D - a ring of willpower
Wands
 G - a wand of flame (30)
 I - a wand of mindburst (5)
Scrolls
 e - 4 scrolls of enchant weapon
 f - 2 scrolls of vulnerability
 i - a scroll of fear
 k - 2 scrolls of teleportation
 l - 2 scrolls of poison
 o - a scroll of magic mapping
 t - a scroll of enchant armour
 E - 2 scrolls of immolation
 H - a scroll of fog
Potions
 g - a potion of curing
 m - 4 potions of brilliance
 p - a potion of invisibility
 q - a potion of resistance {unknown}
 r - a potion of cancellation {unknown}
 u - a potion of might
 w - a potion of flight {unknown}
 x - a potion of heal wounds {unknown}
 z - 2 potions of ambrosia {unknown}
 C - a potion of berserk rage {unknown}
 J - a potion of attraction {unknown}
 K - 2 potions of lignification {unknown}
 L - a potion of haste {unknown}


   Skills:
 + Level 7.7 Fighting
 + Level 6.5 Polearms
 + Level 4.1 Throwing
 + Level 6.9 Armour
 - Level 4.0 Shields


You had 8 spell levels left.
You didn't know any spells.
Your spell library contained the following spells:

 Spells                   Type           Power      Damage    Failure   Level
 Apportation              Tloc           0%         N/A       71%         1
 Necrotise                Necr           0%         1d4       71%         1
 Sandblast                Erth           0%         2d4       71%         1
 Summon Small Mammal      Summ           0%         N/A       71%         1
 Passwall                 Tmut/Erth      0%         N/A       85%         2
 Ozocubu's Armour         Ice            0%         N/A       97%         3
 Dispel Undead            Necr           0%         3d6       100%        4
 Borgnjor's Vile Clutch   Necr/Erth      0%         N/A       100%        5
 Simulacrum               Ice/Necr       0%         N/A       100%        6
 Malign Gateway           Summ/Tloc      0%         N/A       100%        7
 Kiss of Death            Conj/Necr      Unusable   2d5       N/A         1
 Confusing Touch          Hex            Unusable   N/A       N/A         3
 Portal Projectile        Hex/Tloc       Unusable   N/A       N/A         3
 Stone Arrow              Conj/Erth      Unusable   3d7       N/A         3
 Iskenderun's Mystic Bla  Conj/Tloc      Unusable   2d3       N/A         4
 Metabolic Englaciation   Hex/Ice        Unusable   N/A       N/A         5

Dungeon Overview and Level Annotations

Branches:
Dungeon (7/15)             Temple (1/1) D:4           Sewer (visited)

Altars:
Ashenzari
Cheibriados
Dithmenos
Fedhas
Hepliaklqana
Kikubaaqudgha
Makhleb
Nemelex Xobeh
Okawaru
Qazlal
Ru
Sif Muna
Trog
Uskayaw
Vehumet
Wu Jian
Xom
Yredelemnul

Shops:
D:4 ?

Annotations:
D:7 Joseph


Innate Abilities, Weirdness & Mutations

You have very sharp fingernails.
A meltable icy envelope protects you from harm. (AC +4)
You are partially covered in sharp spines.
You cannot train Dodging skill.
You cannot study or cast Conjurations magic.
You cannot study or cast Hexes magic.
You cannot study or cast Poison magic.
You have an unusually large brain. (Int +2)
A meltable shield of frost defends you. (SH +4)


Message History

You fade into invisibility!
The bullfrog is struck by your spines.
You kill the bullfrog!
The centaur is struck by your spines. The centaur completely misses you.
You block the centaur's attack.
Your Throwing skill increases to level 4!
Joseph shouts!
You puncture the centaur! You freeze the centaur.
You kill the centaur!
Unknown command.
Things that are here:
a +0 shortbow; a centaur corpse Joseph unwields a +0 quarterstaff.
Joseph wields a +0 sling.
Joseph shoots a sling bullet.
The sling bullet hits you.
* * * LOW HITPOINT WARNING * * *
You hit Joseph. You freeze Joseph.
Joseph is moderately wounded.
Joseph says, "I've waited for this moment for such a long time."
Joseph unwields a +0 sling.
Joseph wields a +0 quarterstaff.
Joseph is struck by your spines. Joseph hits you but does no damage.
You hit Joseph. You freeze Joseph.
Joseph is heavily wounded.
Joseph hits you with a +0 quarterstaff!
* * * LOW HITPOINT WARNING * * *
Unknown command.
You feel better. Joseph barely misses you.
Things that are here:
a +0 shortbow; a centaur corpse Your icy envelope is restored.
Joseph zaps a wand.
Reach: a) +1 trident (freeze)
Press: ? - help, Dir - move target, f - Joseph
Aim: Joseph, wielding a +0 quarterstaff, wearing a +0 ring mail and carrying a wand of charming (3) (heavily wounded, unable to see you, about 32% to evade your +1 trident of freezing)
You reach to attack!
You catch the helpless Joseph completely off-guard!
You hit Joseph. You freeze Joseph.
Joseph is heavily wounded.
Joseph unwields a +0 quarterstaff.
Joseph wields a +0 sling.
Joseph shoots a sling bullet.
The sling bullet hits you!
You die...

..♣♣♣..#### #...#..
....P.....##.. ....#
#...#.. ..............
.....# #...#..
.............. .....#
#..#### ...............
..... #.. .....##..###..#
#..# ## #..
.....#######..###).###...
##.. .........
#.............. ....
..........#.....@........
#..
..........#....).........
#..
..............[.@........
. ..'# ####'...†.........
#.#........#.###.########
..#.'####+.#.###.#####
..#.#.. # #.'........
..#.# ## #.#........
..#.#.## #..#..##..#


You could see Joseph (unable to see you).

Vanquished Creatures
  Pikel (D:3)
  Grinder (D:3)
  A steam dragon (D:7)
  The ghost of Stellion the Conjurer, an amateur DrCj (D:4)
  Pargi (Sewer)
  A black bear (D:7)
  3 ice beasts
  2 ogres
  A centaur (D:7)
  A kobold brigand (D:6)
  4 bullfrogs
  A scorpion (D:6)
  3 wights
  4 hounds
  A jelly (D:6)
  3 orc priests
  2 iguanas
  A sleepcap (D:6)
  3 orc wizards
  7 gnolls
  7 adders
  A white imp (D:6)
  2 ufetubi
  5 worms
  3 dart slugs
  21 orcs
  4 ball pythons
  6 endoplasms
  5 giant cockroaches
  9 goblins
  8 hobgoblins
  4 jackals (D:1)
  2 quokkas
  4 bats
  4 frilled lizards
  28 kobolds
  4 rats
159 creatures vanquished.

Vanquished Creatures (others)
  A troll (D:5)
1 creature vanquished.

Grand Total: 160 creatures vanquished

Notes
Turn   | Place    | Note
-------+----------+-------------------------------------------
     0 | D:1      | Anandil the Demonspawn Fighter began the quest for the Orb.
     0 | D:1      | Reached XP level 1. HP: 18/18 MP: 1/1
    89 | D:1      | Gained mutation: A meltable shield of frost defends you.
                  | (SH +4) [demonic ancestry]
    89 | D:1      | Reached XP level 2. HP: 18/24 MP: 2/2
   146 | D:1      | Found a faded altar of an unknown god.
   811 | D:2      | Got the Handbook of the Equator
   873 | D:2      | Gained mutation: You have sharp fingernails. [demonic
                  | ancestry]
   873 | D:2      | Reached XP level 3. HP: 29/29 MP: 3/3
   890 | D:2      | Found a sacrificial altar of Ru.
   919 | D:2      | Became a worshipper of Ru the Awakened
  1612 | D:3      | Reached XP level 4. HP: 35/35 MP: 4/4
  1841 | D:3      | Found a glowing drain.
  1850 | Sewer    | Entered a sewer
  1889 | Sewer    | Gained mutation: You cannot train Dodging skill. [Ru
                  | sacrifice]
  1889 | Sewer    | Reached * piety under Ru
  1922 | Sewer    | Noticed Pargi
  1932 | Sewer    | Killed Pargi
  1933 | Sewer    | Reached skill level 4 in Fighting
  1933 | Sewer    | Gained mutation: You are partially covered in sharp spines.
                  | [demonic ancestry]
  1933 | Sewer    | Reached XP level 5. HP: 40/42 MP: 5/5
  2529 | D:4      | Noticed Pikel
  2529 | D:4      | Noticed a lemure
  2529 | D:4      | Noticed a lemure
  2532 | D:4      | Noticed a lemure
  2555 | D:3      | Killed Pikel
  2556 | D:3      | Reached skill level 5 in Fighting
  2556 | D:3      | Gained mutation: You have very sharp fingernails. [demonic
                  | ancestry]
  2556 | D:3      | Reached XP level 6. HP: 13/51 MP: 6/6
  2556 | D:3      | Reached XP level 7. HP: 15/56 MP: 7/7
  2698 | D:4      | Noticed Grinder
  2709 | D:3      | Killed Grinder
  2710 | D:3      | Reached skill level 5 in Armour
  2891 | D:4      | Found an ornate altar of the Wu Jian Council.
  2999 | D:4      | Found a staircase to the Ecumenical Temple.
  3012 | Temple   | Entered the Ecumenical Temple
  3259 | D:4      | Found an ancient bone altar of Kikubaaqudgha.
  3396 | D:4      | Found The Oracle's Delphic Readings.
  3420 | D:4      | Found a runed translucent door.
  3427 | D:4      | Noticed Stellion's ghost (amateur DrCj)
  4018 | D:4      | Killed Stellion's ghost
  4019 | D:4      | Reached skill level 6 in Fighting
  4019 | D:4      | Gained mutation: A meltable icy envelope protects you from
                  | harm. (AC +4) [demonic ancestry]
  4019 | D:4      | Reached XP level 8. HP: 31/64 MP: 8/8
  4162 | D:5      | Entered Level 5 of the Dungeon
  4780 | D:5      | Reached skill level 5 in Polearms
  4812 | D:5      | Noticed a troll
  4816 | D:5      | Killed a troll
  4817 | D:5      | Reached skill level 1 in Throwing
  5455 | D:6      | Gained mutation: You cannot study or cast Poison magic. [Ru
                  | sacrifice]
  5455 | D:6      | Gained mutation: You cannot study or cast Hexes magic. [Ru
                  | sacrifice]
  5455 | D:6      | Gained mutation: You cannot study or cast Conjurations
                  | magic. [Ru sacrifice]
  5455 | D:6      | Reached ** piety under Ru
  5670 | D:6      | Reached skill level 7 in Fighting
  5675 | D:6      | Gained mutation: You have an unusually large brain. (Int
                  | +2) [demonic ancestry]
  5675 | D:6      | Reached XP level 9. HP: 71/72 MP: 9/9
  6374 | D:7      | Found a stormy altar of Qazlal.
  6375 | D:7      | Found a radiant altar of Vehumet.
  7112 | D:7      | Noticed Joseph
  7131 | D:7      | HP: 3/73 [Joseph/+0 quarterstaff (13)]
  7137 | D:7      | Shot with a sling bullet by Joseph

Illustrated notes

Levels and vault maps discovered:
D:1:      moated_graveyard_arrival, layout_basic,
          ebering_ecumenical_altar_ruins, grunt_decor_fettered,
          minmay_surrounded
D:2:      layout_loops_ring, basic_altar, minmay_tromino_v4_c
D:3:      layout_loops_ring, cheibrodos_sewer_entry_bend
D:4:      layout_layer_cave, nzn_wu_jian_council_hall,
          mainiacjoe_overflow_cross_hatched, minmay_temple_entry_sparse_star,
          gammafunk_ghost_grave, nicolae_nh_oracle_at_delphi, uniq_pikel,
          uniq_grinder
D:5:      corexii_shantytown, layout_gridville, serial_glass, glass_columns_c,
          glass_columns_a
D:6:      layout_basic, elyvilon_altar_3
D:7:      layout_gridville, jmf_multi_god_temple, minivault_11,
          kennysheep_boxes, uniq_joseph
Temple:   kb_temple_of_zot

Skill      XL: |  1  2  3  4  5  6  7  8  9 |
---------------+----------------------------+-----
Polearms       | 2 3 4 5 6 |  6.5
Shields        | 3 4 |  4.0
Armour         | 3 4 5 6 |  6.9
Fighting       | 4 5 6 7 |  7.7
Throwing       | 2 4 |  4.1

Action                     |  1- 3 |  4- 6 |  7- 9 || total
---------------------------+-------+-------+-------++-------
  Melee: Trident           |   162 |    83 |   310 ||   555
 Invoke: Sacrifice Nimblen |       |     1 |       ||     1
         Sacrifice Arcana  |       |       |     1 ||     1
    Use: Scroll            |     1 |     2 |    11 ||    14
         Potion            |       |     2 |     6 ||     8
   Stab: Distracted        |       |       |     2 ||     2
         Invisible         |       |       |     1 ||     1
 Armour: Scale mail        |    67 |    30 |   109 ||   206
  Dodge: Dodged            |    60 |    30 |    80 ||   170
  Block: Buckler           |    61 |    41 |   111 ||   213
